[Event "American Cup Women Champions 2023"]
[Site "Saint Louis"]
[Date "2023.03.17"]
[Round "1.1"]
[White "Krush, Irina"]
[Black "Abrahamyan, Tatev"]
[Result "1-0"]
[ECO "E48"]
[WhiteElo "2432"]
[BlackElo "2294"]
[Annotator "TA"]
[PlyCount "55"]
[EventDate "2023.03.15"]
[EventType "k.o."]
[EventCountry "USA"]
[SourceTitle "playchess.com"]
[Source "ChessBase"]
[SourceQuality "1"]
[TimeControl "5400+30"]

1. d4 Nf6 2. c4 e6 3. Nc3 Bb4 4. e3 O-O 5. Bd3 d5 6. cxd5 exd5 7. Nge2 Re8 8. Bd2 {[%emt 0:01:00] E48: Nimzo-Indian: Rubinstein: 5 Bd3 d5 including 6 Ne2, but excluding 6 a3.} c6 9. O-O Bd6 10. Rc1 {[%emt 0:00:20] The position is equal.} Na6 {[%emt 0:03:31] [#]} 11. a3 $146 ({Predecessor:} 11. f3 c5 12. Kh1 Nc7 13. g4 b6 14. Ng3 g6 15. Nce2 Bb7 16. g5 Nd7 17. h4 {0-1 Nepomniachtchi,I (2789)-Dominguez Perez,L (2758) Opera Euro Rapid Prelim 2021 (15)}) 11... Nc7 12. f3 c5 13. dxc5 Bxc5 14. Nd4 Ne6 15. Nce2 {[%emt 0:00:32][%cal Bc3e2,Be2g3,Bg3h5][%mdl 32] [#] Black must now prevent Nxe6.} Bb6 16. Kh1 Bd7 17. Be1 Nc5 18. Bb1 Rxe3 19. Bh4 Re5 (19... Ne6 $11) 20. Ng3 $1 $14 {[%emt 0:07:01][%mdl 1024] White has compensation.} Bc6 $2 {[%emt 0:09:11] [#] A mistake that costs the game.} ({Black should try} 20... h6 $14) 21. f4 $1 $18 Re8 (21... Re3 {was necessary.} 22. Bxf6 Qxf6) 22. Nh5 Ncd7 23. Nf5 g6 24. Nh6+ {[%emt 0:00:17] White is winning.} Kf8 25. Nxf6 Nxf6 26. Ng4 Nxg4 27. Bxd8 Ne3 28. Bxb6 {[%emt 0:02:17] Weighted Error Value: White=0.08 (flawless) /Black=0.41} 1-0

[Event "American Cup Women Champions 2023"]
[Site "Saint Louis"]
[Date "2023.03.17"]
[Round "1.2"]
[White "Tokhirjonova, Gulrukhbegim"]
[Black "Nemcova, Katerina"]
[Result "1-0"]
[ECO "A28"]
[WhiteElo "2332"]
[BlackElo "2325"]
[Annotator "TA"]
[PlyCount "101"]
[EventDate "2023.03.15"]
[EventType "k.o."]
[EventCountry "USA"]
[SourceTitle "playchess.com"]
[Source "ChessBase"]
[SourceQuality "1"]
[TimeControl "5400+30"]

1. c4 Nf6 2. Nc3 e5 3. Nf3 Nc6 4. e4 d6 5. d4 Bg4 6. d5 Nd4 7. Be2 $1 {[%emt 0:00:51][%mdl 4] is more profitable than 7.Be3 at the moment. A28: English Opening: Four Knights Variation.} Bxf3 8. Bxf3 Be7 9. Be3 {[%emt 0:00:36] White is slightly better.} c5 10. dxc6 Nxf3+ 11. Qxf3 bxc6 12. O-O O-O 13. Rfd1 {[%emt 0:07:21] [#]} Qc8 $146 ({Predecessor:} 13... Rb8 14. b3 Qd7 15. c5 Qc7 16. cxd6 Bxd6 17. Qg3 Ne8 18. Rac1 a5 19. Nd5 Qd7 {1-0 Dong,R (1560)-Melo,D (1118) Pombal op 11th 2020 (2)}) 14. h3 Qe6 15. Rac1 Rab8 16. b3 ({Of course not} 16. Bxa7 Rxb2 17. c5 dxc5 $11) 16... c5 17. Bg5 Ne8 18. Bxe7 Qxe7 {[%emt 0:00:12] Black is weak on the light squares} 19. Nd5 Qe6 20. Rc3 g6 21. Qg4 Rb7 22. Ne3 Nf6 23. Qh4 Ne8 24. Rcd3 Rd7 25. Qg4 Qxg4 26. hxg4 Rb7 27. f3 f6 28. Kf2 Kf7 29. g3 Rh8 30. R3d2 Ke6 ({Black should play} 30... h5 $14) 31. f4 $16 Rb6 32. Rh1 Kf7 33. Nd5 Rb7 34. Ke3 Ke6 (34... Kf8 $16 35. Rdh2 Rf7) 35. f5+ Kf7 36. Rdh2 Kg7 37. fxg6 (37. Rh6 $16) 37... Kxg6 {[%emt 0:00:08] [#]} (37... h6 $1 $14) 38. Rh6+ $1 $18 Kg7 39. Kd3 Rf7 40. Ne3 Kf8 41. Ke2 (41. Nf5 $18) 41... Ke7 $16 42. Nf5+ Kd7 43. Kf3 {[%emt 0:02:35] White has more active pieces.} Nc7 $2 {[%emt 0:01:03] [#]} (43... a5 $16) 44. g5 $1 $18 {[%emt 0:01:38] Hoping for g6.} ({Not} 44. Rd1 Ne8 $16) 44... Ne6 $2 (44... Rhf8 45. Rxf6 Ne6) 45. g6 {[%emt 0:01:30] White is clearly winning.} (45. Rxf6 $2 {perishes.} Nxg5+ 46. Kg4 Rxf6 $19) 45... hxg6 {[%emt 0:00:31] ...Rxh6 would be deadly.} 46. Rxh8 gxf5 47. exf5 {[%emt 0:00:09] KRR-KRN} Ng5+ 48. Ke3 Kc6 49. Rc8+ Kb7 50. Rhh8 Kb6 51. Rcf8 {[%emt 0:00:33] Weighted Error Value: White=0.12 (very precise) /Black=0.30} 1-0

[Event "American Cup Women Champions 2023"]
[Site "Saint Louis"]
[Date "2023.03.18"]
[Round "1.2"]
[White "Nemcova, Katerina"]
[Black "Tokhirjonova, Gulrukhbegim"]
[Result "0-1"]
[ECO "E14"]
[WhiteElo "2325"]
[BlackElo "2332"]
[Annotator "TA"]
[PlyCount "68"]
[EventDate "2023.03.15"]
[EventType "k.o."]
[EventCountry "USA"]
[SourceTitle "playchess.com"]
[Source "ChessBase"]
[SourceQuality "1"]
[TimeControl "5400+30"]

1. c4 e6 2. Nc3 d5 3. e3 Nf6 4. Nf3 Bd6 5. d4 b6 6. Bd3 O-O 7. O-O Bb7 8. b3 {[%emt 0:01:21] E14: Queen's Indian: Classical Variation (4 e3).} Re8 9. Bb2 Nbd7 10. Rc1 {[%emt 0:02:30] The position is equal.} e5 {[%emt 0:05:04] Strongly threatening ...e4.} 11. Bf5 {[%emt 0:27:28] [#]} e4 $146 ({Predecessor:} 11... exd4 12. exd4 Nf8 13. Rc2 Ng6 14. g3 Ba6 15. Bd3 Bb7 16. Bf5 Bb4 17. Bh3 c5 18. Nxd5 Nxd5 19. cxd5 Bxd5 20. dxc5 {0-1 Li,D (2575)-Xu,Z (2489) CHN-chT Div-A 2022 (6.3)}) 12. Nd2 c6 (12... Bb4 $11) 13. a4 (13. f3 $1 $14) 13... Qb8 $11 14. g3 a6 {[%emt 0:00:37] [#]} (14... Nf8 $11) 15. a5 bxa5 (15... b5 $5) 16. c5 (16. f3 {feels hotter.} Bxg3 17. Kh1 Bxh2 18. f4) 16... Bc7 17. Bh3 (17. f3 $11) 17... Nf8 (17... Bc8 $5 18. Bg2 a4 $11) 18. f4 (18. f3 $15) 18... exf3 (18... Bc8 $17 19. Bxc8 Qxc8) 19. Qxf3 $15 Bc8 {[%emt 0:00:09] Wards off e4} 20. Bxc8 ({Better is} 20. Bg2 $1 $15) 20... Qxc8 $17 21. e4 dxe4 (21... Qd7 $17) 22. Ncxe4 $14 (22. Ndxe4 Nxe4 23. Nxe4 Qd7 $11) 22... Nxe4 23. Nxe4 (23. Qxf7+ $14 Kh8 24. d5 (24. Nxe4 Rxe4 25. Rce1 Rxe1 $11)) 23... Qd7 24. Nd6 Bxd6 25. cxd6 Rac8 26. Ba3 Ne6 27. Qf5 Rcd8 28. Rcd1 (28. Rce1 $11) 28... f6 ({Black should try} 28... Rb8 $17) 29. Qxa5 (29. d5 $11 cxd5 30. Qxd5) 29... Ng5 $1 $17 30. Qxa6 {[%emt 0:00:28] [#]} Kh8 ({Black should play} 30... Qg4 $1 $17 {And now ...Nh3+ would win.} 31. Qc4+ (31. Qxc6 Nh3+ 32. Kh1 Nf2+ {[%mdl 64] Deflection} 33. Rxf2 Qxd1+ 34. Kg2 Qxb3 $19) 31... Kh8) 31. Qc4 {[%emt 0:00:33] [#]} (31. Qd3 $1 $11) 31... Ra8 $2 (31... Qg4 $1 $17 32. Qd3 (32. Qxc6 $2 {loses.} Re2 $19) 32... Re2) 32. Bc5 $2 (32. Bc1 $11 {and White has nothing to worry.}) 32... Ra2 $19 {[%emt 0:00:18] ( -> ...Qh3)} 33. d5 $2 (33. Ra1 $19 Nf3+ {[%mdl 64] Deflection} 34. Rxf3 Rxa1+ 35. Rf1) 33... Qh3 34. Rf2 {[%emt 0:00:41] [#]} Nf3+ $1 {[%emt 0:00:10][%mdl 576] Double Attack. Excellently played by Tokhirjonova!   Weighted Error Value: White=0.68/Black=0.30} 0-1

[Event "American Cup Women Champions 2023"]
[Site "Saint Louis"]
[Date "2023.03.18"]
[Round "1.2"]
[White "Paikidze, Nazi"]
[Black "Zatonskih, Anna"]
[Result "1-0"]
[ECO "E06"]
[WhiteElo "2314"]
[BlackElo "2337"]
[Annotator "TA"]
[PlyCount "85"]
[EventDate "2023.03.15"]
[EventType "k.o."]
[EventCountry "USA"]
[SourceTitle "playchess.com"]
[Source "ChessBase"]
[SourceQuality "1"]
[TimeControl "5400+30"]

1. d4 d5 2. c4 e6 3. Nf3 Nf6 4. g3 Be7 5. Bg2 O-O 6. Qc2 dxc4 7. Qxc4 a6 8. Bf4 Bd6 {[%emt 0:03:04] E06: Closed Catalan: Early deviations.} 9. Ne5 Nd5 10. Nc3 Nxf4 {[%emt 0:16:26] White has an edge.} 11. gxf4 {[%emt 0:00:06] [#]} Ra7 $146 ({Predecessor:} 11... Nd7 12. e3 Nb6 13. Qb3 f5 14. h4 a5 15. a3 c6 16. h5 a4 17. Qc2 Bd7 {1-0 Vitiugov,N (2729)-Fedoseev,V (2684) Karlsruhe Grenke op 2017 (8)}) 12. Rd1 Qh4 13. e3 b6 14. Qe2 {[%emt 0:03:00] Black is weak on the light squares} Qe7 15. Qh5 Bb7 16. Bxb7 Rxb7 17. Ne4 f6 $1 18. Rg1 {[%emt 0:06:04][%cal Oe1e2] Threatening Ke2!} c5 $2 {[%emt 0:09:14] White stays focused until the end.} (18... fxe5 $11 19. dxe5 Bc5) 19. Nc4 $18 {[%emt 0:06:56][%mdl 64] Deflection} Bc7 20. dxc5 Nc6 $2 (20... bxc5 $16 21. Qxc5 Bd8) 21. Qf3 b5 22. Ncd6 ({Stronger than} 22. Nxf6+ Rxf6 23. Qxc6 bxc4 $17) 22... Ba5+ (22... Ra7 $142 23. a3 Bb8) 23. Kf1 Rc7 24. a3 b4 25. Qe2 bxa3 26. bxa3 Ra7 27. Qc4 {[%emt 0:01:21] Threatens to win with f5.} Kh8 28. Kg2 f5 (28... Bc7 {keeps fighting.} 29. Rb1 Na5) 29. Ng5 Nd8 30. Rb1 {[%emt 0:01:50] aiming for Nc8.} Rc7 {[%emt 0:01:17][%cal Oe7d6] Dodges Nc8} 31. Qxa6 Rxc5 32. Rgc1 Bc3 33. Rb6 (33. Rb8 $142 h6 34. Ndf7+ Kg8 35. Rxd8 hxg5 36. Rxf8+ {[%mdl 64] Deflection} Qxf8 37. Nxg5) 33... e5 $2 {[%emt 0:00:21] [#]} (33... h6) 34. Nb7 $2 {[%emt 0:01:49] Excellent horsemanship.} (34. Rb8 $1 $18 {[%cal Rb8d8] is the precise move to win.} exf4 35. exf4) 34... Rc7 $2 (34... exf4 $16 {was necessary.} 35. exf4 (35. Nxc5 Qxg5+ 36. Kh1 Bd2 $16) 35... Rc7) 35. Nxd8 Qxd8 36. Rd6 Qb8 (36... Qa8+ 37. Qxa8 Rxa8 38. fxe5 Kg8) 37. Ne6 Ra7 38. Qd3 e4 39. Qd5 ({Less strong is} 39. Qxc3 Qxd6 40. Nxf8 Qxf8 $18) 39... Ra5 40. Qc6 Rc8 {[%emt 0:00:01] [#]} 41. Qxc8+ $3 Qxc8 {[%emt 0:00:02] [#]} 42. Rxc3 $1 {[%emt 0:00:05][%cal Rc3c8][%mdl 576] Deflection, Back Rank} Qe8 (42... Qg8 43. Rd8) 43. Rd8 {[%emt 0:00:09] A cool game by Paikidze.   Weighted Error Value: White=0.56/Black=0.60} 1-0

[Event "American Cup Women Champions 2023"]
[Site "Saint Louis"]
[Date "2023.03.18"]
[Round "1.2"]
[White "Pourkashiyan, Atousa"]
[Black "Lee, Alice"]
[Result "0-1"]
[ECO "C01"]
[WhiteElo "2313"]
[BlackElo "2362"]
[Annotator "TA"]
[PlyCount "106"]
[EventDate "2023.03.15"]
[EventType "k.o."]
[EventCountry "USA"]
[SourceTitle "playchess.com"]
[Source "ChessBase"]
[SourceQuality "1"]
[TimeControl "5400+30"]

1. e4 e5 2. Nf3 Nf6 3. Nxe5 d6 4. Nf3 Nxe4 5. d3 Nf6 6. d4 d5 7. Bd3 Bd6 8. O-O O-O 9. Bg5 h6 10. Bh4 Bg4 11. Nc3 {[%emt 0:07:06] C01: French: Exchange Variation.} c6 (11... g5 $5 12. Bg3 Nc6 $11) 12. h3 Be6 13. Ne5 {[%emt 0:03:57] White is slightly better.} c5 14. Nb5 {[%emt 0:08:59] [#]} c4 $146 ({Predecessor:} 14... Be7 15. dxc5 g5 16. Bg3 Bxc5 17. c3 a6 18. Nd4 Bxd4 19. cxd4 Kg7 20. Qd2 Ne4 21. Bxe4 dxe4 {0-1 Jacek,R (1619)-Ciszewski,E (2021) Szczecin Stoczni Nowa Cup 2008 (4.4)}) 15. Nxd6 Qxd6 16. Be2 Bf5 17. b3 cxb3 18. axb3 Ne4 19. Bf3 Nc6 20. Nxc6 bxc6 21. c4 (21. Bxe4 {simplifies} Bxe4 22. Ra2 Qb4 23. Re1) 21... Rfe8 22. Ra6 Qf4 23. Bg3 Nxg3 24. fxg3 Qxg3 25. Rxc6 dxc4 {[%emt 0:05:04] aiming for ...Bd3.} 26. bxc4 (26. Rc5 $11 {keeps the balance.} Be4 27. bxc4) 26... Rab8 $1 $17 {[%emt 0:01:11] Black is much more active.} 27. Bd5 $2 (27. Rc5 $17 Rb1 28. Rxf5 Rxd1 29. Rxd1) 27... Rb1 $1 $19 28. Bxf7+ Kh7 (28... Kh8 $142 29. Qxb1 (29. Qf3 $2 Ree1 $19) 29... Bxb1 30. Bxe8 Qe3+ 31. Kh2 Qxe8) 29. Qxb1 Bxb1 30. Rxb1 Rf8 (30... Re1+ $1 $19 31. Rxe1 Qxe1+ 32. Kh2 Qe4) 31. Rf1 $11 g5 32. Rcf6 {[%emt 0:00:58] Bg6+ would be deadly.} Kg7 {[%emt 0:00:56] Wards off Bg6} 33. Rg6+ Kh7 {[%emt 0:00:03] Dancing on a razor blade.} 34. Rgf6 Kg7 {[%emt 0:00:06] Prevents Bg6.} 35. d5 Qc3 36. Rg6+ Kh7 37. Rc6 Qe3+ 38. Kh1 Qe2 $36 {[%emt 0:00:51][%mdl 2048] White is under pressure.} 39. Rcf6 {[%emt 0:00:49] Black must now prevent Bg6+.} Kg7 {[%emt 0:02:39] Repels Bg6} 40. d6 Qe5 {[%emt 0:00:39] Inhibits c5.} 41. Rg6+ Kh7 {[%emt 0:00:09][%cal Of8f7] Hoping for ...Rxf7!} 42. Rgf6 Kg7 {[%emt 0:00:05] Repels Bg6} 43. Rg6+ Kh7 {[%emt 0:00:01][%cal Of8f7] ...Rxf7! is the strong threat.} 44. Re6 $2 {[%emt 0:00:25][%mdl 8192] [#]} (44. d7 $11 Qe7 45. Rff6 (45. Rgf6 Kg7 $11) 45... Qe1+ 46. Kh2 Qe5+ 47. Kh1) 44... Qxe6 $1 $19 45. Bxe6 Rxf1+ {[%emt 0:00:03][%mdl 4096] Endgame KR-KB} 46. Kh2 {[%emt 0:00:03] And now c5 would win.} Kg7 47. c5 Kf6 48. Bd5 {[%emt 0:00:51] [#] Strongly threatening c6.} Ke5 $1 ({Resist} 48... Rf5 49. c6 Rxd5 50. c7 $18) 49. Bf3 {[%emt 0:01:08] [#]} (49. Bb3 $19) 49... Rxf3 $1 {[%emt 0:00:06][%mdl 512] Black mates.} 50. gxf3 Ke6 51. h4 a5 52. Kh3 a4 53. Kg4 a3 {[%emt 0:00:11] Artfully played by Lee.   Weighted Error Value: White=0.31/Black=0.13 (very precise)} 0-1

[Event "American Cup Women Champions 2023"]
[Site "Saint Louis"]
[Date "2023.03.18"]
[Round "1.2"]
[White "Abrahamyan, Tatev"]
[Black "Krush, Irina"]
[Result "0-1"]
[ECO "B43"]
[WhiteElo "2294"]
[BlackElo "2432"]
[Annotator "TA"]
[PlyCount "104"]
[EventDate "2023.03.15"]
[EventType "k.o."]
[EventCountry "USA"]
[SourceTitle "playchess.com"]
[Source "ChessBase"]
[SourceQuality "1"]
[TimeControl "5400+30"]

1. e4 c5 2. Nf3 e6 3. d4 cxd4 4. Nxd4 a6 5. Nc3 b5 6. Bd3 Bb7 7. O-O Nc6 8. Nxc6 Bxc6 9. a4 {[%emt 0:02:56][%cal Ra4b5] B43: Sicilian: Kan Variation: 5 Nc3.} (9. Re1 $5) 9... b4 10. Nb1 Bc5 11. Nd2 {[%emt 0:06:20] White is slightly better.} Ne7 {[%emt 0:00:09] [#]} 12. Nb3 $146 (12. Qh5 $5 d5 13. a5 $11) ({Predecessor:} 12. Qe2 a5 13. b3 Ng6 14. Bb2 O-O 15. Qh5 d6 16. Rad1 Nf4 17. Qg4 e5 18. Nc4 {0-1 Smith,B (2456)-Vorobiov,E (2585) Pardubice Czech op-A 24th 2013 (8)}) 12... Bd6 13. Qe2 Ng6 14. f4 O-O 15. a5 ({Better is} 15. g3 $1 $14) 15... Qb8 (15... e5 $11) 16. e5 (16. Bxa6 $2 {is the wrong capture.} Qa7+ 17. Be3 Qxa6 $19) ({White should try} 16. g3 $1 $14) 16... Be7 17. Be3 (17. Bxa6 $2 {too greedy.} Qa7+ 18. Be3 Qxa6 $19) 17... d6 18. exd6 Bxd6 19. Qh5 ({Worse is} 19. Bxa6 Nxf4 20. Bxf4 Bxf4 $17) (19. g3 $5 ) 19... Qb7 20. Rf2 Be4 21. Rd1 Be7 22. Bxe4 Qxe4 23. Qf3 Qxf3 24. Rxf3 Bf6 25. Bd4 Rfd8 26. g3 e5 27. fxe5 Nxe5 28. Rff1 Rac8 29. c3 (29. Rde1 $5 Nd7 30. Bxf6 Nxf6 31. Re2 $11) 29... bxc3 30. bxc3 Rd5 31. Bxe5 Rxe5 32. Rf3 Rb5 33. Nd4 (33. c4 $17 Rxc4 34. Rd6) 33... Rxa5 $19 34. Nf5 h5 (34... Rxc3 $2 35. Rxc3 h6 36. Rc8+ Kh7 37. Nd6 $18) 35. Rd7 Rxc3 36. Nh6+ Kh7 37. Rxc3 Bxc3 38. Nxf7 {[%emt 0:00:03][%mdl 4096] Endgame KRB-KRN} Bf6 39. h4 Kg6 40. Kg2 Ra2+ 41. Kh3 Re2 {[%emt 0:00:21] [#] Strongly threatening ...Re7.} 42. Ra7 {[%emt 0:00:44][%mdl 8192] Now White is beyond hope.} (42. Ng5 $17) 42... Re7 43. Nh8+ Kh7 44. Ra8 Rd7 {[%emt 0:01:36] And now ...Rd8 would win.} 45. Kg2 (45. Rxa6 $142 Kxh8 46. Ra5) 45... Rd8 46. Rxd8 (46. Rxa6 $142 Rxh8 47. Kf3) 46... Bxd8 {[%emt 0:00:02] KB-KN} 47. Nf7 Bc7 48. Ng5+ Kg6 49. Ne6 Bd6 {[%emt 0:00:04] [#] ...a5 is the strong threat.} 50. Kf3 a5 51. g4 hxg4+ 52. Kxg4 a4 {[%emt 0:00:21] Weighted Error Value: White=0.75/Black=0.07 (flawless)} 0-1

[Event "American Cup Women Champions 2023"]
[Site "Saint Louis"]
[Date "2023.03.17"]
[Round "1.3"]
[White "Zatonskih, Anna"]
[Black "Paikidze, Nazi"]
[Result "1/2-1/2"]
[ECO "D32"]
[WhiteElo "2337"]
[BlackElo "2314"]
[Annotator "TA"]
[PlyCount "206"]
[EventDate "2023.03.15"]
[EventType "k.o."]
[EventCountry "USA"]
[SourceTitle "playchess.com"]
[Source "ChessBase"]
[SourceQuality "1"]
[TimeControl "5400+30"]

1. d4 c5 2. e3 Nf6 3. Nf3 d5 4. dxc5 e6 5. c4 Bxc5 6. Nc3 O-O 7. a3 a5 8. cxd5 exd5 9. Be2 Nc6 10. O-O h6 11. Nb5 {[%emt 0:19:09] [#] D32: Tarrasch Defence: Sidelines and lines without g3.} Ne4 $146 ({Predecessor:} 11... Bg4 12. h3 Bd7 13. b3 Re8 14. Bb2 Be6 15. Rc1 Be7 16. Nfd4 Qb6 17. Bd3 Ne5 18. Bb1 Rec8 19. Nxe6 Rxc1 20. Qxc1 fxe6 {1-0 Langner,D (1972)-De Souza,L (1927) Campo Grande op 2nd 2014 (2)}) 12. b3 Qf6 13. Ra2 Qg6 14. Rc2 Bb6 {[%emt 0:06:34] Against Nc7} (14... Bh3 15. Ne1 $16) 15. Bb2 Bh3 16. Ne1 Bf5 17. Rc1 Rac8 18. Nd3 (18. Qxd5 $2 Rfd8 19. Qc4 Na7 $19) 18... Rfd8 (18... Bh3 $2 19. Nf4 Qh7 20. gxh3 $18) 19. Ne5 Qg5 20. Nxc6 Rxc6 (20... bxc6 $5 21. Nd4 Bxd4 22. Qxd4 c5 $17) 21. Rxc6 bxc6 22. Nd4 Bh3 23. Bf3 c5 24. Ne2 Bc8 (24... Bf5 $15 25. Re1 d4 26. exd4 cxd4 27. Nxd4 Nd2 {[%mdl 64] Decoy}) 25. Ng3 (25. Nf4 {feels hotter.} Qf5 26. Qd3 Ng5 27. Be2) 25... Nxg3 26. hxg3 Be6 27. Qe2 c4 28. b4 axb4 29. axb4 Bf5 {[%emt 0:00:15] White must now prevent ...Bd3.} 30. Ra1 Bd3 31. Qe1 Re8 $36 {[%emt 0:00:51][%cal Od5d4][%mdl 2048] White is under pressure.} 32. Qc3 Kh7 33. Bxd5 {[%emt 0:01:18][%mdl 64] Double Attack} Rxe3 $1 34. Bxc4 (34. fxe3 $2 Bxe3+ 35. Kh2 Qh5#) 34... Bxc4 35. Qxc4 (35. fxe3 Bxe3+ $19) 35... Rxg3 36. Qe4+ (36. Qxf7 $2 {is the wrong capture.} Rxg2+ 37. Kh1 Rxf2 38. Qxg7+ Qxg7 $19) 36... f5 37. Qb7 {[%emt 0:01:04][%mdl 8192] [#]} (37. Qd5 $15) 37... Qg4 $1 38. Be5 $11 (38. Qxb6 $2 {is a self mate.} Rxg2+ 39. Kh1 Qh3#) (38. b5 Rb3) 38... Qxb4 {[%emt 0:00:02][%cal Ob6f2] And now ...Bxf2+! would win.} 39. Qd7 Rg5 {[%emt 0:00:39] ( -> ...Qe4)} 40. Qd5 ({Better is} 40. Bxg7 $11 Bxf2+ {[%mdl 64] Decoy} 41. Kxf2 (41. Kf1 $2 Qc4+ 42. Kxf2 Qc2+ {[%mdl 64] Skewer} 43. Ke1 Qe4+ 44. Kd1 Rxg7 $19) 41... Qf4+ 42. Kg1 Rxg7 43. Qd5) 40... Qe4 (40... Rg4 {is more complex.} 41. Rd1 Re4 42. Bc3 Qc5) 41. Qxe4 fxe4 {[%emt 0:00:03][%mdl 4096] Endgame KRB-KRB} 42. Bb8 Rf5 43. Ra2 (43. Ba7 $11 {is more appropriate.} Ra5 44. Rxa5 Bxa5 45. g4) 43... Rb5 (43... Kg6 $17) 44. Bg3 (44. Ba7 $11 {remains equal.}) 44... Kg6 $17 45. Ra8 Rb3 46. Kf1 e3 (46... Rb1+ $17 47. Ke2 Rb2+ 48. Kf1 Kf5) 47. fxe3 $11 Bxe3 48. Bf2 Bf4 49. Ke2 Be5 50. Rd8 Kf5 51. Rd3 (51. Bd4 $11) 51... Rb2+ (51... Rxd3 $17 52. Kxd3 Kf4) 52. Kf3 Rb4 53. Bg3 $1 {[%emt 0:00:57] Against Rf4+} Bf6 54. Rd5+ Ke6 55. Rd6+ Ke7 {[%emt 0:00:27] aiming for ...Rb3+.} (55... Kf7 $5 56. Bf4 g5 $17) 56. Rd3 {[%emt 0:00:05] Dodges Rb3. Bd6+ is the strong threat.} Rb5 57. Bd6+ Kf7 58. g4 Kg6 59. Bf4 Rb1 60. Kg2 Rb4 61. Kf3 Ra4 62. Kg3 Ra1 63. Kg2 h5 64. gxh5+ Kxh5 65. Rd2 Kg4 66. Bh2 Ra4 67. Re2 g5 68. Be5 Bd8 69. Bh2 Bb6 70. Bg1 Bd8 71. Bh2 Rd4 72. Bg1 Rd1 73. Bf2 Bf6 74. Bg3 Bd4 {[%emt 0:00:27] Threatens to win with ...Rg1+.} 75. Bf2 {[%emt 0:00:09] Prevents Rg1+} Bc3 76. Rc2 Be5 77. Re2 Kf5 78. Bg3 Bd4 79. Bf2 Bf6 80. Bg3 Bd8 81. Re5+ Kg4 {[%emt 0:00:26] ...Rd2+ would be deadly.} 82. Re4+ Kh5 83. Re2 Rd3 84. Bh2 Kh4 85. Bg1 Bc7 86. Bf2+ Kg4 87. Rc2 Bf4 88. Ra2 Kf5 89. Re2 g4 (89... Rc3 $15 {might be stronger.}) 90. Bg1 {[%emt 0:00:45] The position is equal.} g3 91. Kh3 Rb3 92. Kg2 Kg4 93. Rc2 Kf5 94. Re2 Rd3 95. Bc5 Rd5 96. Bg1 Kg4 97. Bb6 Bd6 98. Bg1 Rd3 99. Be3 Kf5 100. Rd2 Rxd2+ 101. Bxd2 Bf4 102. Be1 Kg4 103. Bxg3 Bxg3 {[%emt 0:00:03] Weighted Error Value: White=0.22 (precise) /Black=0.26 (precise)} 1/2-1/2

[Event "American Cup Women Champions 2023"]
[Site "Saint Louis"]
[Date "2023.03.17"]
[Round "1.4"]
[White "Lee, Alice"]
[Black "Pourkashiyan, Atousa"]
[Result "1-0"]
[ECO "E49"]
[WhiteElo "2362"]
[BlackElo "2313"]
[Annotator "TA"]
[PlyCount "119"]
[EventDate "2023.03.15"]
[EventType "k.o."]
[EventCountry "USA"]
[SourceTitle "playchess.com"]
[Source "ChessBase"]
[SourceQuality "1"]
[TimeControl "5400+30"]

1. d4 Nf6 2. c4 e6 3. Nc3 Bb4 4. f3 d5 5. a3 Bxc3+ 6. bxc3 c5 7. cxd5 exd5 8. e3 O-O 9. Bd3 b6 10. Ne2 Ba6 11. O-O Bxd3 12. Qxd3 Re8 13. c4 {[%emt 0:16:51] E49: Nimzo-Indian: Rubinstein: 5 Bd3 d5 6 a3 Bxc3+ 7 bxc3.} dxc4 14. Qxc4 {[%emt 0:00:14] [#]} Nbd7 $146 ({Predecessor:} 14... Nc6 15. Rd1 Qe7 16. e4 Nxd4 17. Nxd4 cxd4 18. Bb2 Red8 19. Rxd4 Rac8 20. Qb4 Qc5 21. Qxc5 bxc5 22. Rxd8+ Rxd8 {1-0 Geiser,A-Garcia Carrillo,E W-ch WS/O/326 email 2009}) 15. e4 {[%emt 0:03:36] White is slightly better.} cxd4 16. Qxd4 Nc5 17. Qxd8 Raxd8 18. Bg5 Ncd7 (18... Rd6 $11) 19. Rfd1 h6 20. Bh4 g5 21. Bf2 Nc5 22. Nd4 {[%emt 0:06:17] Prevents Nb3.} Rd7 23. Nf5 Kh7 24. Rxd7 Nfxd7 25. Nd6 {[%emt 0:02:11] White is more active.} Rf8 26. Rd1 Ne5 27. Bxc5 bxc5 $14 {[%emt 0:00:03][%mdl 4096] Endgame KRN-KRN} 28. Rd5 Rd8 $1 29. Rxe5 Rxd6 30. Rxc5 {[%emt 0:00:04] And now Ra5 would win. KR-KR} Ra6 {[%emt 0:01:03] Dodges Ra5} 31. Rc3 Kg6 32. Kf2 h5 33. Ke3 Rb6 34. g3 f6 35. f4 gxf4+ 36. gxf4 h4 $2 {[%emt 0:02:42] [#]} (36... Rb2 $14) 37. h3 $2 (37. Kf3 $1 $18) 37... a5 $2 {[%emt 0:00:45][%mdl 8192] [#]} (37... Rb1 $11 {and Black is okay.}) 38. Kf3 $1 $18 f5 $2 (38... a4 {is a better defense.} 39. Kg4 Rb3 40. f5+ Kg7 41. Rc7+ Kg8) 39. exf5+ Kh5 {[%emt 0:00:32] [#]} 40. f6 $1 {[%emt 0:04:44] f7 would be deadly.} Kg6 41. Kg4 Kxf6 $2 (41... Rb2 42. Rc5 a4 43. f5+ (43. Kxh4 Rb3 $16) 43... Kf7 44. Rc7+ (44. Kxh4 Rb3 $11) 44... Kxf6 45. Rc6+ (45. Kxh4 Rb3 $11) 45... Kg7 46. Rg6+ (46. Kxh4 Ra2 $16) 46... Kf7) 42. Rc5 (42. Kxh4 Kf5 43. Rc4 Rg6 $16) 42... a4 43. Ra5 (43. Kxh4 Rb3 $16) 43... Rb3 44. Ra6+ ({Not} 44. Kxh4 Rxa3 45. Kg4 Kg6 $16) 44... Kg7 45. Rxa4 {[%emt 0:00:07] Threatening mate with Ra6.} Rg3+ 46. Kxh4 {[%emt 0:00:05] White mates.} Rg1 47. Ra6 Rf1 48. Kg5 Rg1+ 49. Kf5 Rh1 50. Ra7+ Kh6 51. a4 Rxh3 52. a5 Rc3 53. a6 Rc5+ 54. Kg4 Ra5 55. Ra8 Kg7 56. a7 Kh7 57. f5 Ra6 {[%emt 0:00:35] [#]} 58. f6 $1 {[%emt 0:00:12][%mdl 64] Promotion} Rxf6 (58... Kg6 59. Rg8+) 59. Rb8 Rg6+ 60. Kf5 {[%emt 0:00:13] Weighted Error Value: White=0.16 (very precise) /Black=0.48} 1-0